 Dungeon Crawl Stone Soup version 0.32-a0-859-gb0a091d592 (webtiles) character file.

Game seed: 15305978866628767729

473 greenreed the Trooper (level 6, -1/57 HPs)
             Began as a Minotaur Fighter on Mar 27, 2024.
             Killed from afar by an orc wizard (5 damage)
             ... with a puff of flame
             ... on level 3 of the Dungeon.
             The game lasted 00:04:17 (1824 turns).

greenreed the Trooper (Minotaur Fighter)            Turns: 1824, Time: 00:04:18

Health: -1/57      AC:  7    Str: 23    XL:     6   Next: 83%
Magic:  5/5        EV:  8    Int:  5    God:
Gold:   172        SH:  0    Dex:  9    Spells: 5/5 levels left

rFire   . . .        a - +0 flail
rCold   + . .        c - +0 buckler
rNeg    . . .        b - +0 scale mail
rPois   .            (helmet restricted)
rElec   .            (no cloak)
rCorr   .            (no gloves)
SInv    .            (no boots)
Will    .....        (no amulet) Stlth
                     e - ring of protection from cold
HPRegen 0.29/turn    (no ring)
MPRegen 0.09/turn

%: no passive effects
@: confused
A: horns 2, retaliatory headbutt
a: no special abilities


You were on level 3 of the Dungeon.
You visited 1 branch of the dungeon, and saw 3 of its levels.

You collected 172 gold pieces.

Inventory:

Hand Weapons
 a - a +0 flail (weapon)
Missiles
 j - a throwing net (quivered)
Armour
 b - a +0 scale mail (worn)
 c - a +0 buckler (worn)
 g - a +0 kite shield
Jewellery
 e - a ring of protection from cold (left hand)
Wands
 m - a wand of warping (10)
Scrolls
 h - a scroll of poison {unknown}
 i - a scroll of identify {unknown}
 p - a scroll of teleportation {unknown}
Potions
 d - a potion of might
 f - a potion of magic {unknown}
 k - a potion of heal wounds {unknown}
 l - a potion of brilliance {unknown}
 n - a potion of invisibility {unknown}
 o - a potion of curing {unknown}


   Skills:
 * Level 6.3 Fighting
 * Level 5.4 Maces & Flails
 + Level 5.0 Armour
 + Level 5.0 Shields


You had 5 spell levels left.
You didn't know any spells.
Your spell library was empty.

Dungeon Overview and Level Annotations

Branches:
Dungeon (3/15)

Altars:

Shops:
D:1 (


Innate Abilities, Weirdness & Mutations

You have a pair of horns on your head.
You reflexively headbutt those who attack you in melee.


Message History

You block the orc wizard's attack.
Things that are here:
a +0 club; a +0 leather armour; an orc corpse You hit the orc wizard.
The orc wizard is moderately wounded.
You block the orc wizard's attack.
You sock the orc wizard!
The orc wizard is severely wounded.
The orc wizard hits you but does no damage.
The orc wizard hits you with a +2 dagger of electrocution.
You closely miss the orc wizard.
You headbutt the orc wizard, but do no damage.
The orc wizard is severely wounded.
The orc wizard hits you but does no damage.
You are electrocuted!
You are too injured to fight recklessly!
You are too injured to fight recklessly!
You barely miss the orc wizard.
The orc wizard is severely wounded.
The orc wizard gestures wildly while chanting.
The orc wizard flickers and vanishes!
Deactivating autopickup; reactivate with Ctrl-A.
You miss something.
You hear some strange, mumbled words.
A magic dart appears from out of thin air!
The magic dart hits you but does no damage.
You miss something. Your headbutt misses something.
Something hits you but does no damage.
You are electrocuted!
* * * LOW HITPOINT WARNING * * *
Unknown command.
You hear some strange, mumbled words.
You are confused.
You are too confused!
You bump into the rock wall.
You closely miss something. Something hits you but does no damage.
You bump into the rock wall.
You hear some strange, mumbled words.
A puff of flame appears from out of thin air!
The puff of flame hits you.
You die...

##...##########..#
..#..... #..#
..###...# #..# ..#
#.########..# ##..
...........# ...
.########.# ...
#.# ## #{# #@# #.#
#<# ###


There were no monsters in sight!

Vanquished Creatures
  Sigmund (D:2)
  A bombardier beetle (D:3)
  An orc priest (D:3)
  Jessica (D:3)
  Natasha (thrice) (D:2)
  7 gnolls
  2 adders
  4 dart slugs
  2 ribbon worms (D:2)
  An orc (D:3)
  6 bats (D:2)
  An endoplasm (D:1)
  2 giant cockroaches (D:2)
  3 goblins
  4 hobgoblins
  4 kobolds
  4 quokkas
  A ball python (D:3)
  4 frilled lizards
  6 rats
58 creatures vanquished.

Notes
Turn   | Place    | Note
-------+----------+-------------------------------------------
     0 | D:1      | greenreed the Minotaur Fighter began the quest for the Orb.
     0 | D:1      | Reached XP level 1. HP: 19/19 MP: 0/0
    83 | D:1      | Found Yrel Xac's Weapon Boutique.
   311 | D:1      | Reached XP level 2. HP: 27/27 MP: 1/1
   358 | D:1      | Reached skill level 4 in Fighting
   720 | D:1      | Reached XP level 3. HP: 33/33 MP: 2/2
   963 | D:2      | Reached XP level 4. HP: 24/41 MP: 3/3
  1151 | D:2      | Reached skill level 5 in Fighting
  1265 | D:2      | Noticed Natasha
  1270 | D:2      | Killed Natasha
  1271 | D:2      | Reached XP level 5. HP: 47/48 MP: 4/4
  1296 | D:2      | Noticed Natasha
  1303 | D:2      | Killed Natasha
  1312 | D:2      | Noticed Natasha
  1317 | D:2      | Killed Natasha
  1368 | D:2      | Noticed Sigmund
  1377 | D:2      | Killed Sigmund
  1378 | D:2      | Reached skill level 6 in Fighting
  1378 | D:2      | Reached skill level 5 in Maces & Flails
  1378 | D:2      | Reached XP level 6. HP: 57/57 MP: 5/5
  1592 | D:3      | Noticed Jessica
  1600 | D:3      | Killed Jessica
  1814 | D:3      | Reached skill level 5 in Armour
  1814 | D:3      | Reached skill level 5 in Shields
  1824 | D:3      | Killed from afar by an orc wizard

Illustrated notes

Levels and vault maps discovered:
D:1:      dpeg_arrival_yet_another_circle, layout_loops_ring, serial_shops, shop
D:2:      layout_rooms, minivault_19, uniq_natasha, uniq_sigmund
D:3:      layout_basic, serial_shops, nicolae_shop_mannequins,
          hellmonk_ecumenical_altar_run_dry, ebering_ghost_rock_garden,
          fountainhead, nicolae_titane, uniq_jessica

Skill      XL: |  1  2  3  4  5  6 |
---------------+-------------------+-----
Fighting       | 4 5 6 |  6.3
Maces & Flails | 3 4 5 |  5.4
Shields        | 4 5 |  5.0
Armour         | 4 5 |  5.0

Action                     |  1- 3 |  4- 6 || total
---------------------------+-------+-------++-------
  Melee: Flail             |    78 |    87 ||   165
         Headbutt          |    17 |    10 ||    27
 Armour: Scale mail        |    54 |    62 ||   116
  Dodge: Dodged            |    32 |    34 ||    66
  Block: Buckler           |     9 |    17 ||    26

Table legend: (Time is in decaauts)
 A = Elapsed time spent in this place.
 B = Non-inter-level travel time spent in this place.
 C = Inter-level travel time spent in this place.
 D = Time resting spent in this place.
 E = Time spent auto-exploring this place.
 F = Levels seen in this place.
 G = Mean time per level.
                   A        B        C        D        E       F      G
               +--------+--------+--------+--------+--------+-----+--------+
         Total |   1870 |   1739 |    131 |    179 |   1110 |   3 |  623.3 |
       Dungeon |   1870 |   1739 |    131 |    179 |   1110 |   3 |  623.3 |
               +--------+--------+--------+--------+--------+-----+--------+

Top non-repeatable levels by time:
     D:2: 858 daAuts
     D:1: 849 daAuts
     D:3: 162 daAuts
